 Dungeon Crawl Stone Soup version 0.26-a0-833-g7262b39652 (webtiles) character file.

Game seed: 314523681801145786

13327 Tman the Summoner (level 11, -2/74 HPs)
             Began as a Red Draconian Air Elementalist on Nov 13, 2020.
             Was an Elder of Dithmenos.
             Slain by a black mamba (20 damage)
             ... on level 10 of the Dungeon on Nov 16, 2020.
             The game lasted 00:48:09 (18099 turns).

Tman the Summoner (Red Draconian Air Elementalist) Turns: 18099, Time: 00:48:10

Health: -2/74      AC: 13    Str: 10    XL:     11   Next: 74%
Magic:  4/24       EV: 12    Int: 19    God:    Dithmenos [****..]
Gold:   543        SH: 11    Dex: 18    Spells: 14/28 levels left

rFire    + . .     SeeInvis .   x - +1 dagger (venom)
rCold    . . .     Faith    .   F - +0 buckler
rNeg     . . .     Spirit   .   (armour unavailable)
rPois    .         Reflect  +   H - +2 hood of the Assassin {Detection Stab+ Stlth++}
rElec    .         Harm     .   i - +1 cloak
rCorr    .         Rampage  .   b - +0 pair of gloves
MR       .....                  K - +0 pair of boots
Stlth    ++++++....             g - amulet of reflection
HPRegen  0.22/turn              a - ring of flight
MPRegen  0.19/turn              z - +6 ring of dexterity

@: sluggish, wreathed by umbra, very slow
A: breathe fire, unfitting armour, fire resistance 1, cold-blooded, AC +7
a: Breathe Fire, Shadow Step, Renounce Religion, Evoke Flight


You were on level 10 of the Dungeon.
You worshipped Dithmenos.
Dithmenos was greatly pleased with you.
You visited 2 branches of the dungeon, and saw 12 of its levels.
You also visited: Sewer.

You collected 543 gold pieces.

Inventory:

Hand Weapons
 x - a +1 dagger of venom (weapon)
 I - a +1 falchion of flaming
Missiles
 t - 17 poisoned darts (quivered)
 y - 8 curare-tipped darts
 P - a throwing net
Armour
 b - a +0 pair of gloves (worn)
 i - a +1 cloak (worn)
 F - a +0 buckler (worn)
 H - the +2 hood of the Assassin (worn) {Detection Stab+ Stlth++}
   (You found it on level 6 of the Dungeon)

   It makes you much more stealthy.
 K - a +0 pair of boots (worn)
Jewellery
 a - a ring of flight (left hand)
 g - an amulet of reflection (around neck)
 z - a +6 ring of dexterity (right hand)
 O - an uncursed ring of see invisible {unknown}
Wands
 r - a wand of flame (28)
 u - a wand of disintegration (10)
 M - a wand of acid (4)
 Q - a wand of iceblast (5)
Scrolls
 c - 4 scrolls of amnesia
 e - a scroll of brand weapon {unknown}
 f - 2 scrolls of noise {unknown}
 h - 2 scrolls of remove curse
 j - 2 scrolls of random uselessness {unknown}
 k - 2 scrolls of enchant armour {unknown}
 n - 4 scrolls of magic mapping
 o - 5 scrolls of teleportation
 q - 3 scrolls of fog {unknown}
 B - a scroll of summoning {unknown}
 E - a scroll of vulnerability {unknown}
 G - a scroll of enchant weapon {unknown}
 J - 2 scrolls of immolation {unknown}
 N - a scroll of acquirement {unknown}
Potions
 d - 4 potions of brilliance
 l - 3 potions of curing
 m - 6 potions of might
 p - a potion of cancellation {unknown}
 s - 3 potions of ambrosia
 v - 3 potions of berserk rage
 w - a potion of haste
 C - 2 potions of lignification
 D - 4 potions of attraction
 L - a potion of invisibility


   Skills:
 - Level 1.7 Dodging
 - Level 1.7 Stealth
 - Level 5.0 Shields
 + Level 9.1 Spellcasting
 - Level 6.1 Conjurations
 + Level 10.6 Summonings
 + Level 10.2 Air Magic


You had 14 spell levels left.
You knew the following spells:

 Your Spells              Type           Power        Failure   Level
a - Shock                 Conj/Air       ####         1%          1
b - Summon Lightning Spi  Summ/Air       #####...     1%          4
c - Airstrike             Air            #####.....   1%          4
d - Swiftness             Air            #####...     1%          2
e - Static Discharge      Conj/Air       #####...     1%          3

Your spell library contained the following spells:

 Spells                   Type           Power        Failure   Level
 Summon Small Mammal      Summ           ####         1%          1
 Call Imp                 Summ           #####...     1%          2
 Call Canine Familiar     Summ           #####...     1%          3
 Summon Guardian Golem    Hex/Summ       ####....     2%          3
 Lightning Bolt           Conj/Air       #####.....   8%          5
 Animate Skeleton         Necr           #.....       9%          1
 Apportation              Tloc           #.....       9%          1
 Corona                   Hex            #......      9%          1
 Summon Ice Beast         Ice/Summ       ####....     9%          4


Dungeon Overview and Level Annotations

Branches:
Dungeon (11/15)            Temple (0/1) D:5            Lair (1/6) D:10
  Sewer (visited)
    Orc: D:9-12

Altars:
Dithmenos
Elyvilon
Fedhas
Kikubaaqudgha
Makhleb
Nemelex Xobeh
Sif Muna
Trog
Uskayaw
Zin
The Shining One

Shops:
D:11 (

Portals:
Abyss: D:9

Annotations:
D:9 2 transporters, triki's ghost, novice GnEn


Innate Abilities, Weirdness & Mutations

You can breathe blasts of fire.
Your fiery red scales are hard. (AC +7)
You cannot fit into any form of body armour.
Your flesh is heat resistant. (rF+)
You are cold-blooded and may be slowed by cold attacks.


Message History

You feel sick.
You feel sick. The black mamba bites you!
* * * LOW HITPOINT WARNING * * *
There is a stone staircase leading up, spattered with blood here.
Okay, then.
As you read the scroll of teleportation, it crumbles to dust.
You feel strangely unstable.
You start to feel a little slower.
You feel sick. The black mamba barely misses you.
You block the black mamba's attack.
You feel sick.
Your surroundings seem slightly different.
You feel sick.
You feel sick.
It was a potion of curing.
You feel better.
You feel sluggish.
The black mamba bites you but does no damage.
The black mamba bites you!!
You die...

###.##≈#.#.#.#......(..'......[..
....#≈≈≈.#.#.######..§.#.####.###
##..≈≈≈≈(......####....#..###.###
.#..≈≈≈≈....#..)................#
.#..≈≈≈≈....#........<##..>...#.#
.#..........#.#####...........#.#
.#.≈≈≈≈≈###.#.# #.........#.#.#
............#.#####...........#.#
##.≈≈≈≈≈#####...@S......###...#.#
...≈≈≈≈≈# #######.....###...#.#
####≈≈≈≈# #...........#.#
.......≈## #.....##.#.##.#
#.)......####### #.............#
#..............# #......#.#..###
#..............# ####+#.#.##.≈≈#
#..............# #.#.#.##..≈≈
#........####### #.#.#.#≈≈.≈(


You could see a black mamba.

Vanquished Creatures
  A hydra (D:11)
  A boulder beetle (D:11)
  A two-headed ogre (D:11)
  An unseen horror (D:11)
  A cane toad (Lair:1)
  2 gargoyles (D:10)
  2 trolls (D:11)
  A hornet (D:9)
  A wyvern (D:9)
  A steam dragon (D:9)
  18 yaks
  An acid dragon (D:11)
  Edmund (D:5)
  A water moccasin (D:11)
  8 ogres
  3 sky beasts
  4 orc warriors
  An eye of draining (D:10)
  A necrophage (D:8)
  An ice beast (D:5)
  2 phantoms
  6 centaurs
  A big kobold (D:11)
  8 bullfrogs
  2 scorpions
  4 killer bees (D:9)
  4 wights
  9 electric eels
  4 howler monkeys
  9 hounds
  2 quasits
  2 jellies
  7 orc wizards
  2 gnoll shamans
  5 orc priests
  2 centaur skeletons (D:9)
  A bullfrog skeleton (D:6)
  2 iguanas
  Natasha (thrice) (D:2)
  10 worker ants
  A hound zombie (D:7)
  2 hound skeletons
  A worker ant zombie (D:11)
  19 gnolls
  A howler monkey skeleton (D:7)
  20 adders
  A river rat (D:5)
  2 shadow imps (D:8)
  5 white imps
  2 ufetubi
  7 oozes (Sewer)
  2 adder skeletons
  2 adder zombies
  2 worms
  2 dart slugs
  13 leopard geckos
  40 orcs
  19 giant cockroaches
  9 goblins
  6 hobgoblins
  10 jackals
  7 quokkas
  9 ball pythons (Sewer)
  3 bats
  7 frilled lizards
  16 kobolds
  A leopard gecko skeleton (D:4)
  A quokka zombie (D:7)
  4 rats
350 creatures vanquished.

Vanquished Creatures (collateral kills)
  A troll (D:11)
  5 yaks
  Duvessa (D:7)
  2 orc warriors (D:11)
  2 bullfrogs
  Dowan (D:7)
  A wight (D:7)
  A hound (D:6)
  An orc wizard (D:6)
  A worker ant (D:8)
  4 orcs
  A giant cockroach (D:7)
21 creatures vanquished.

Vanquished Creatures (others)
  19 plants (D:11)
19 creatures vanquished.

Grand Total: 390 creatures vanquished

Notes
Turn   | Place    | Note
-------+----------+-------------------------------------------
     0 | D:1      | Tman the Draconian Air Elementalist began the quest for the
                  | Orb.
     0 | D:1      | Reached XP level 1. HP: 14/14 MP: 3/3
   675 | D:1      | Reached XP level 2. HP: 20/20 MP: 0/5
   679 | D:1      | Learned a level 2 spell: Swiftness
  1425 | D:2      | Reached XP level 3. HP: 26/26 MP: 2/6
  1430 | D:2      | Learned a level 3 spell: Static Discharge
  1580 | D:2      | Noticed Natasha
  1583 | D:2      | Killed Natasha
  1669 | D:2      | Reached XP level 4. HP: 33/33 MP: 5/8
  1728 | D:2      | Noticed Natasha
  1734 | D:2      | Killed Natasha
  1767 | D:2      | Noticed Natasha
  1773 | D:2      | Killed Natasha
  2159 | D:2      | Reached XP level 5. HP: 38/38 MP: 7/9
  3721 | D:4      | Reached XP level 6. HP: 45/45 MP: 3/11
  4548 | D:4      | Reached skill level 5 in Air Magic
  4709 | D:4      | Your scales start taking on a fiery red colour.
  4709 | D:4      | Reached XP level 7. HP: 50/50 MP: 7/13
  4709 | D:4      | Gained mutation: Your flesh is heat resistant. (rF+) [Red
                  | Draconian growth]
  5111 | D:5      | Entered Level 5 of the Dungeon
  5120 | D:5      | Found a glowing golden altar of the Shining One.
  5129 | D:5      | Found a blossoming altar of Fedhas.
  5130 | D:5      | Found a glowing silver altar of Zin.
  5213 | D:5      | Found a glowing drain.
  5217 | Sewer    | Entered a sewer
  5505 | Sewer    | Learned a level 4 spell: Summon Lightning Spire
  5510 | Sewer    | Learned a level 4 spell: Airstrike
  6059 | Sewer    | Reached skill level 1 in Summonings
  6395 | D:5      | Reached skill level 5 in Spellcasting
  6470 | D:5      | Reached skill level 5 in Conjurations
  6531 | D:5      | Reached XP level 8. HP: 53/57 MP: 8/15
  6837 | D:5      | Found a shadowy altar of Dithmenos.
  6840 | D:5      | Became a worshipper of Dithmenos the Shadowed
  6913 | D:5      | Found a staircase to the Ecumenical Temple.
  6963 | D:5      | Noticed Edmund
  6970 | D:5      | Killed Edmund
  7392 | D:5      | Found a hide-covered altar of Uskayaw.
  7398 | D:5      | Found a white marble altar of Elyvilon.
  7600 | D:6      | Upgraded the game from 0.26-a0-812-g31a745ddcd to
                  | 0.26-a0-833-g7262b39652
  7977 | D:6      | Found a bloodstained altar of Trog.
  8167 | D:6      | Found the +2 hood of the Assassin {Detection Stab+ Stlth++}
  8968 | D:7      | Reached skill level 1 in Shields
  9100 | D:6      | Reached XP level 9. HP: 32/62 MP: 8/18
  9285 | D:7      | Reached * piety under Dithmenos
  9390 | D:7      | Found a sparkling altar of Nemelex Xobeh.
  9820 | D:7      | Found a shimmering blue altar of Sif Muna.
  9836 | D:7      | Identified Sif Muna's Tome of Beguiling
  9918 | D:7      | Noticed Duvessa
  9918 | D:7      | Noticed Dowan
  9923 | D:7      | Killed Dowan
  9927 | D:7      | Killed Duvessa
  9928 | D:7      | Reached skill level 5 in Summonings
 10477 | D:8      | Reached skill level 5 in Shields
 10500 | D:8      | Reached ** piety under Dithmenos
 11273 | D:8      | Found an ancient bone altar of Kikubaaqudgha.
 11628 | D:9      | Reached XP level 10. HP: 33/69 MP: 0/19
 12270 | D:9      | Found a one-way gate to the infinite horrors of the Abyss.
 12270 | D:9      | Noticed triki's ghost (novice GnEn)
 12357 | D:9      | Noticed a rust devil
 12359 | D:9      | Identified the +6 halberd of Natuk {distort, MR+ Int+6}
 12359 | D:9      | Noticed a skeletal warrior
 12437 | D:9      | Noticed a wolf spider
 12502 | D:9      | Reached *** piety under Dithmenos
 12533 | D:9      | Noticed a fire crab
 12534 | D:9      | Noticed a worldbinder
 12806 | D:9      | Found a transporter.
 12812 | D:9      | Found a transporter.
 13421 | D:9      | Noticed a guardian serpent
 13448 | D:10     | Entered Level 10 of the Dungeon
 13507 | D:10     | Noticed a gargoyle
 13512 | D:10     | Killed a gargoyle
 13818 | D:10     | Found a staircase to the Lair.
 15107 | D:10     | Noticed a gargoyle
 15110 | D:10     | Killed a gargoyle
 15111 | D:10     | Reached XP level 11. HP: 74/74 MP: 9/22
 15209 | D:10     | Reached **** piety under Dithmenos
 16654 | D:11     | Found Oruthrae's Weapon Shoppe.
 16681 | D:11     | Noticed a four-headed hydra
 16837 | D:11     | Killed an unseen horror
 16938 | D:11     | Killed a four-headed hydra
 16939 | D:11     | Reached skill level 10 in Summonings
 17251 | D:11     | Noticed a boulder beetle
 17266 | D:11     | Killed a boulder beetle
 17414 | D:11     | Noticed a two-headed ogre
 17467 | D:11     | Killed a two-headed ogre
 17674 | D:11     | Reached skill level 10 in Air Magic
 17991 | D:11     | Found a burning altar of Makhleb.
 18056 | Lair:1   | Entered Level 1 of the Lair of Beasts
 18099 | D:10     | Slain by a black mamba

Illustrated notes

Levels and vault maps discovered:
D:1:      lightli_arrival_boilingwater, layout_loops_corners
D:2:      layout_basic, uniq_natasha
D:3:      layout_loops_ring, chequers_serial_rivers_micro_e
D:4:      corexii_shantytown, layout_loops_corners
D:5:      layout_rooms, grunt_dithmenos_smoke_and_mirrors,
          minmay_overflow_temple_star_hex, gup_sewer_entry_bowl,
          kennysheep_dice, uniq_edmund
D:6:      layout_layer_cave, basic_altar
D:7:      layout_basic, led_sif_book, nemelex_spade_bored_becter, uniq_duvessa
D:8:      layout_rooms, basic_altar
D:9:      layout_loops_ring, gammafunk_ghost_abyssal_escape
D:10:     layout_basic, lair_entry_dummy
D:11:     layout_roguey, serial_shops, shop, basic_altar, serial_bayou_lagoon_b
Lair:1:   layout_regular_city, minmay_lair_oklob_items, uniq_grum

Skill      XL: |  1  2  3  4  5  6  7  8  9 10 11 |
---------------+----------------------------------+-----
Conjurations   | 2 3 4 5 6 |  6.1
Spellcasting   | 3 4 5 6 7 9 |  9.1
Air Magic      | 4 5 6 7 9 10 | 10.2
Summonings     | 2 4 7 9 10 | 10.6
Shields        | 1 5 |  5.0
Dodging        | |  1.7
Stealth        | |  1.7

Action                   |  1- 3 |  4- 6 |  7- 9 | 10-12 || total
-------------------------+-------+-------+-------+-------++-------
Melee: Short sword       |     7 |    28 |       |       ||    35
       Spear             |       |     1 |       |       ||     1
       Tailslap          |       |     2 |     3 |    17 ||    22
       Dagger            |       |       |    35 |    73 ||   108
 Cast: Shock             |    42 |   146 |   313 |    81 ||   582
       Static Discharge  |       |     3 |     3 |     3 ||     9
       Swiftness         |       |     1 |       |     1 ||     2
       Airstrike         |       |       |    59 |   146 ||   205
       Summon Lightning  |       |       |     9 |    12 ||    21
 Abil: Breathe Fire      |       |       |     8 |    12 ||    20
       Evoke Flight      |       |       |     1 |     2 ||     3
  Use: Scroll            |     1 |     1 |     8 |     5 ||    15
       Potion            |       |       |       |     1 ||     1
 Stab: Sleeping          |       |     1 |     3 |       ||     4
       Distracted        |       |       |       |     1 ||     1
Armor: Skin              |     4 |    11 |    25 |    24 ||    64
Dodge: Dodged            |     9 |    31 |    75 |    39 ||   154
Block: Other             |     2 |    13 |    18 |       ||    33
       Reflection        |       |     1 |     8 |     3 ||    12
       Buckler           |       |       |    35 |    48 ||    83

Table legend: (Time is in decaauts)
 A = Elapsed time spent in this place.
 B = Non-inter-level travel time spent in this place.
 C = Inter-level travel time spent in this place.
 D = Time resting spent in this place.
 E = Time spent auto-exploring this place.
 F = Levels seen in this place.
 G = Mean time per level.
                   A        B        C        D        E       F      G
               +--------+--------+--------+--------+--------+-----+--------+
         Total |  18186 |  17760 |    426 |   2374 |  13089 |  13 | 1398.9 |
       Dungeon |  17174 |  16748 |    426 |   2160 |  12482 |  11 | 1561.3 |
          Lair |     16 |     16 |      0 |      0 |      0 |   1 |   16.0 |
         Sewer |    995 |    995 |      0 |    214 |    607 |   1 |  995.0 |
               +--------+--------+--------+--------+--------+-----+--------+

Top non-repeatable levels by time:
    D:11: 2459 daAuts
    D:10: 2187 daAuts
     D:9: 1932 daAuts
     D:4: 1806 daAuts
     D:6: 1615 daAuts
     D:7: 1495 daAuts
     D:1: 1410 daAuts
     D:5: 1410 daAuts
     D:2: 1088 daAuts
   Sewer: 995 daAuts
     D:8: 956 daAuts
     D:3: 813 daAuts
  Lair:1: 16 daAuts
